 Dungeon Crawl Stone Soup version 0.27-a0-732-ga892ba84f6 (webtiles) character file.

Game seed: 6471939342326291651

64 dracos369 the Ducker (level 4, -6/33 HPs)
             Began as a Djinni Gladiator on Mar 23, 2021.
             Was an Initiate of Ashenzari.
             Mangled by a gnoll
             ... wielding a +0 spear
              (7 damage)
             ... on level 3 of the Dungeon.
             The game lasted 00:04:47 (2415 turns).

dracos369 the Ducker (Djinni Gladiator)             Turns: 2415, Time: 00:04:47

Health: -6/33      AC:  5    Str: 14    XL:     4   Next: 12%
Magic:  0/0        EV: 13    Int:  9    God:    Ashenzari [......]
Gold:   129        SH:  0    Dex: 15    Spells: 4/5 levels left

rFire    + + .     SeeInvis .   a - +0 long sword
rCold    x . .     Faith    .   (no shield)
rNeg     . . .     Spirit   .   b - +0 leather armour
rPois    ∞         Reflect  .   c - +0 helmet
rElec    .         Harm     .   f - +0 cloak
rCorr    .         Rampage  .   (no gloves)
Will     .....                  (boots unavailable)
Stlth    +.........             (no amulet)
HPRegen  0.11/turn              (no ring)
MPRegen  0.00/turn              (no ring)

@: flying
A: fire resistance 2, cold vulnerability 1, float, innate caster, hp casting,
extra vitality 1
a: Renounce Religion


You were on level 3 of the Dungeon.
You worshipped Ashenzari.
Ashenzari was noncommittal.
You visited 1 branch of the dungeon, and saw 3 of its levels.

You collected 129 gold pieces.

Inventory:

Hand Weapons
 a - a +0 long sword (weapon)
Missiles
 d - 2 throwing nets
Armour
 b - a +0 leather armour (worn)
 c - a +0 helmet (worn)
 f - a +0 cloak (worn)
Scrolls
 e - a scroll of teleportation
 h - 2 scrolls of blinking
 i - a scroll of holy word
 k - a scroll of silence
Potions
 g - a potion of attraction
 j - 2 potions of curing


   Skills:
 - Level 2.1 Fighting
 + Level 3.8 Long Blades
 - Level 2.0 Throwing
 - Level 0.2 Armour
 - Level 3.8 Dodging
 + Level 1.2 Spellcasting


You had 4 spell levels left.
You knew the following spells:

 Your Spells              Type           Power      Damage    Failure   Level
a - Magic Dart            Conj           8%         1d3       28%         1
Your spell library was empty.

Dungeon Overview and Level Annotations

Branches:
Dungeon (3/15)

Altars:
Ashenzari
Kikubaaqudgha


Innate Abilities, Weirdness & Mutations

You are immune to poison.
Your flesh is very heat resistant. (rF++)
You are vulnerable to cold. (rC-)
You float through the air rather than walking.
You learn spells naturally, not from books.
Your magical power is your life essence.
You have superior vitality. (+4 HP)


Message History

You are very lightly contaminated with residual magic.
Nothing appears to happen.
The magic dart hits the gnoll.
The gnoll is heavily wounded.
The gnoll shouts!
A gnoll comes into view. It is wielding a +0 spear.
You miscast Magic Dart.
Nothing appears to happen.
The gnoll barely misses you. The gnoll completely misses you.
You riposte.
You barely miss the gnoll.
The gnoll is heavily wounded.
A gnoll opens the door.
You barely miss the gnoll.
The gnoll is heavily wounded.
The gnoll completely misses you.
You closely miss the gnoll.
The gnoll is moderately wounded.
The gnoll hits you with a +0 spear! The gnoll hits you with a +0 whip.
The gnoll hits you from afar with a +0 spear.
The gnoll closely misses you. The gnoll completely misses you.
The gnoll hits you with a +0 spear.
There is an open door here.
The gnoll hits you from afar with a +0 spear.
The gnoll closely misses you.
You closely miss the gnoll.
The gnoll hits you from afar with a +0 spear.
* * * LOW HITPOINT WARNING * * *
The gnoll hits you with a +0 whip.
* * * LOW HITPOINT WARNING * * *
Your magical contamination has completely faded away.
You hit the gnoll but do no damage. The gnoll closely misses you.
You riposte.
You closely miss the gnoll.
The gnoll hits you from afar with a +0 spear.
* * * LOW HITPOINT WARNING * * *
The gnoll closely misses you. The gnoll hits you but does no damage.
You hit the gnoll.
The gnoll is moderately wounded.
The gnoll barely misses you. The gnoll misses you.
You closely miss the gnoll.
The gnoll is moderately wounded.
The gnoll hits you from afar with a +0 spear!
You die...

.......# #.................
8###8#÷####.#######'#######.
###...[..# #.# #####..# #.#
#..# +.+ #..# #.# #..# #.#
#..###+###.###+#
#..gggg@........
#..###+###.###+# #..# # #(.#
#..# #..# #..# #..


You could see 4 gnolls.

Vanquished Creatures
  2 adders
  A dart slug (D:1)
  3 bats
  2 giant cockroaches (D:1)
  6 goblins
  A hobgoblin (D:2)
  5 jackals
  2 kobolds (D:1)
  4 oozes
  2 quokkas
  4 ball pythons
  2 frilled lizards
  6 rats
40 creatures vanquished.

Vanquished Creatures (others)
  A plant (D:3)
1 creature vanquished.

Grand Total: 41 creatures vanquished

Notes
Turn   | Place    | Note
-------+----------+-------------------------------------------
     0 | D:1      | dracos369 the Djinni Gladiator began the quest for the Orb.
     0 | D:1      | Reached XP level 1. HP: 18/18 MP: 0/0
   221 | D:1      | Reached XP level 2. HP: 23/23 MP: 0/0
   816 | D:1      | Reached XP level 3. HP: 26/28 MP: 0/0
   816 | D:1      | Learned a level 1 spell: Magic Dart
  1295 | D:2      | Found a broken altar of Ashenzari.
  1338 | D:2      | Became a worshipper of Ashenzari the Shackled
  1577 | D:2      | Found an ancient bone altar of Kikubaaqudgha.
  1663 | D:2      | Reached skill level 1 in Spellcasting
  1763 | D:2      | HP: 1/28 [worm (8)]
  2169 | D:3      | Reached XP level 4. HP: 9/33 MP: 0/0
  2413 | D:3      | HP: 1/33 [gnoll/+0 spear (1)]
  2415 | D:3      | Mangled by a gnoll

Illustrated notes

Levels and vault maps discovered:
D:1:      dpeg_arrival_rooms_a, layout_loops_cross
D:2:      layout_rooms, general_overflow_altar, nicolae_ashenzari_skybound,
          chequers_arboretum
D:3:      layout_loops_ring, lemuel_doored_altar, lemuel_crystal_altar,
          nicolae_overflow_hidden_temple, nrook_campfire, grunt_ministairs_15,
          corexii_hall_statues_x, serial_bayou_pond_b, minmay_door_square,
          patterned_corridor

Skill      XL: |  1  2  3 |
---------------+----------+-----
Throwing       | 2 |  2.0
Spellcasting   | 1 |  1.2
Fighting       | |  2.1
Long Blades    | |  3.8
Armour         | |  0.2
Dodging        | |  3.8

Action                   |  1- 3 |  4- 6 || total
-------------------------+-------+-------++-------
Melee: Long sword        |    89 |     9 ||    98
Throw: Throwing net      |     1 |       ||     1
 Cast: Magic Dart        |    20 |     4 ||    24
Armor: Leather armour    |    31 |     3 ||    34
Dodge: Dodged            |    70 |    11 ||    81
       Rpst.: Long sword |    22 |     2 ||    24

Table legend: (Time is in decaauts)
 A = Elapsed time spent in this place.
 B = Non-inter-level travel time spent in this place.
 C = Inter-level travel time spent in this place.
 D = Time resting spent in this place.
 E = Time spent auto-exploring this place.
 F = Levels seen in this place.
 G = Mean time per level.
                   A        B        C        D        E       F      G
               +--------+--------+--------+--------+--------+-----+--------+
         Total |   2436 |   2378 |     58 |    502 |   1513 |   3 |  812.0 |
       Dungeon |   2436 |   2378 |     58 |    502 |   1513 |   3 |  812.0 |
               +--------+--------+--------+--------+--------+-----+--------+

Top non-repeatable levels by time:
     D:2: 1098 daAuts
     D:1: 1050 daAuts
     D:3: 286 daAuts
